Map: Nightscape LE

Players

Qken - Winner!

  • Race: Protoss Protoss
  • Spawn Location: 7:00

Phaqui - Winner!

  • Race: Terran Terran
  • League: Master
  • Spawn Location: 7:00

qqq

  • Race: Zerg Zerg
  • Spawn Location: 1:00

Massa

  • Race: Terran Terran
  • League: Platinum
  • Spawn Location: 1:00

VOD

Have the link to the VOD?

Description

Time

  • Played on: March 22, 2021, 2:27 p.m.
  • Length: 18:35
Show
View Real Time Build Order
Export as new Build Order

Qken Protoss - Winner!

Build Orders:  

Get SALT Encoding   

  12  0:00  Probe (Chrono Boost)  
  13  0:12  Probe (Chrono Boost)  
  14  0:19  Pylon  
  14  0:21  Probe (Chrono Boost)  
  15  0:36  Assimilator  
  15  0:37  Probe  
  15  0:41  Gateway  
  16  0:49  Probe  
  17  1:00  Assimilator  
  17  1:02  Probe (Chrono Boost)  
  19  1:13  Probe (Chrono Boost)  
  19  1:15  Pylon  
  19  1:18  Probe (Chrono Boost)  
  20  1:29  Probe  
  20  1:31  Cybernetics Core  
  21  1:41  Probe  
  22  1:53  Probe  
  23  2:00  Gateway  
  23  2:08  Stargate  
  23  2:09  Stalker  
  25  2:30  Warp Gate  
  25  2:40  Probe  
  30  2:52  Void Ray (Chrono Boost)  
  30  2:55  Pylon  
  30  2:56  Pylon  
  28  3:05  Pylon  
  30  3:13  Stalker x2  
  34  3:20  Void Ray (Chrono Boost)  
  34  3:25  Pylon  
  38  3:58  Void Ray (Chrono Boost)  
  38  4:03  Nexus  
  38  4:05  Pylon  
  38  4:07  Pylon  
  42  4:41  Pylon  
  42  4:52  Pylon  
  39  5:18  Stalker x2  
  37  5:48  Stalker x2  
  41  5:53  Probe x2  
  43  5:57  Forge  
  41  6:05  Probe x2  
  41  6:17  Probe x2  
  41  6:18  Stalker x2  
  47  6:29  Probe  
  48  6:36  Probe  
  48  6:39  Photon Cannon  
  45  6:40  Photon Cannon  
  45  6:41  Probe  
  45  6:42  Protoss Ground Weapons Level 1 (Chrono Boost), Zealot x2  
  49  6:48  Probe  
  49  6:50  Photon Cannon  
  49  6:53  Probe  
  49  6:54  Photon Cannon  
  49  6:56  Oracle (Chrono Boost)  
  49  7:00  Probe  
  52  7:05  Probe  
  51  7:09  Stalker x2  
  45  7:30  Void Ray (Chrono Boost)  
  31  7:41  Stalker  
  36  7:44  Probe x2  
  37  7:56  Probe x2  
  36  8:00  Void Ray  
  40  8:13  Pylon  
  36  8:24  Pylon  
  36  8:37  Photon Cannon  
  36  8:38  Photon Cannon  
  36  8:50  Probe x2  
  35  9:02  Probe (Chrono Boost)  
  35  9:03  Probe (Chrono Boost)  
  36  9:13  Probe x2 (Chrono Boost)  
  38  9:18  Probe x2 (Chrono Boost)  
  40  9:29  Probe x2  
  42  9:41  Probe (Chrono Boost)  
  42  9:42  Probe (Chrono Boost)  
  44  9:52  Probe x2 (Chrono Boost)  
  46  9:53  Protoss Air Weapons Level 1  
  46  9:56  Probe (Chrono Boost)  
  46  9:57  Probe (Chrono Boost), Assimilator  
  46  9:59  Assimilator  
  48  10:00  Twilight Council  
  48  10:07  Probe  
  48  10:10  Pylon  
  48  10:13  Pylon  
  49  10:21  Pylon  
  49  10:32  Sentry x2  
  53  10:41  Templar Archives  
  53  10:52  Probe x2  
  55  10:57  Nexus  
  55  11:00  Pylon  
  55  11:03  Pylon  
  55  11:07  Pylon  
  55  11:11  Pylon  
  54  11:46  Gateway  
  54  11:49  Gateway  
  54  11:50  Gateway  
  54  11:52  Gateway  
  54  11:53  Gateway  
  54  11:54  Gateway  
  54  11:55  High Templar x2  
  54  11:56  Gateway  
  54  12:00  Pylon  
  58  12:02  Pylon  
  55  12:30  Probe x3  
  55  12:34  High Templar x2  
  55  12:36  Psionic Storm  
  62  12:42  Probe x3  
  62  12:43  High Templar x2  
  69  12:45  High Templar  
  69  12:46  High Templar  
  73  12:53  Charge (Chrono Boost)  
  73  12:54  Probe x3  
  73  12:56  Protoss Ground Weapons Level 2 (Chrono Boost)  
  76  13:06  Probe x3  
  76  13:09  Shield Battery  
  76  13:12  Shield Battery  
  79  13:14  Shield Battery  
  79  13:17  Shield Battery  
  79  13:18  Probe x3  
  82  13:20  High Templar x2  
  82  13:21  High Templar x3  
  92  13:28  Assimilator  
  92  13:29  Archon  
  88  13:52  Zealot x2  
  88  13:53  Zealot x4  
  88  13:54  Zealot  
  102  13:59  Zealot  
  102  14:00  Zealot  
  106  14:18  Zealot x2  
  106  14:19  Zealot  
  106  14:20  Zealot x6  
  124  14:24  Assimilator  
  124  14:37  Robotics Facility  
  124  14:38  Robotics Facility  
  124  14:39  Robotics Facility  
  124  14:40  Nexus  
  124  14:41  Pylon  
  124  14:44  Pylon  
  124  14:46  Sentry x5  
  124  14:47  Sentry x2  
  124  14:48  Pylon  
  83  15:42  Zealot  
  79  15:43  Zealot x6  
  79  15:44  Zealot x2  
  95  15:51  Archon  
  95  16:00  Immortal x2  
  95  16:01  Immortal  
  97  16:40  Probe x4  
  101  16:48  Robotics Bay  
  101  16:52  Probe x4  
  105  16:56  High Templar x3  
  111  17:04  Probe  
  112  17:30  Assimilator  
  112  17:32  Assimilator  
  112  17:46  Colossus x2 (Chrono Boost)  
Show
View Real Time Build Order
Export as new Build Order

Phaqui Terran - Winner!

Build Orders:  

Get SALT Encoding   

  12  0:00  SCV  
  13  0:12  SCV  
  14  0:16  Supply Depot  
  14  0:24  SCV  
  15  0:38  SCV  
  15  0:40  Barracks  
  16  0:50  SCV  
  17  1:02  SCV  
  18  1:14  SCV  
  18  1:18  Command Center  
  19  1:31  Orbital Command  
  19  1:32  Marine  
  19  1:36  Supply Depot  
  20  1:51  Barracks  
  20  1:52  Marine  
  21  1:58  SCV  
  22  2:10  SCV, Marine  
  24  2:20  Bunker  
  25  2:22  SCV  
  25  2:28  Marine  
  26  2:34  SCV  
  27  2:49  SCV  
  28  2:52  Refinery, Marine  
  28  2:54  Refinery  
  29  3:01  SCV  
  29  3:05  Barracks  
  30  3:12  Orbital Command  
  30  3:13  SCV  
  31  3:25  SCV  
  32  3:33  Barracks Tech Lab  
  32  3:37  SCV  
  32  3:39  Barracks Tech Lab  
  33  3:45  SCV  
  34  3:49  SCV  
  34  3:53  Barracks Reactor  
  34  3:55  Stimpack  
  35  3:59  Marine  
  35  4:00  Marine  
  35  4:01  SCV  
  38  4:04  SCV, Supply Depot x2  
  38  4:06  Refinery x2  
  39  4:11  Supply Depot  
  39  4:13  SCV  
  39  4:14  Combat Shield  
  39  4:16  SCV  
  41  4:17  Marine x2  
  43  4:25  SCV  
  43  4:28  SCV  
  43  4:30  Marine x2  
  47  4:34  Factory  
  47  4:37  Command Center  
  47  4:38  SCV  
  48  4:41  Engineering Bay  
  48  4:43  Engineering Bay  
  48  4:48  Marine  
  48  4:49  Marine  
  48  4:50  SCV  
  41  5:02  SCV, Marine x2  
  41  5:06  Marine x2  
  44  5:13  Orbital Command  
  39  5:14  SCV  
  33  5:24  Marine x2  
  33  5:25  Marine x2  
  33  5:26  SCV  
  25  5:42  SCV  
  19  5:51  Orbital Command  
  19  5:52  SCV  
  19  5:54  SCV  
  18  6:05  Missile Turret  
  18  6:06  SCV  
  18  6:07  Factory Reactor  
  18  6:09  Marine x3  
  21  6:18  SCV  
  21  6:26  SCV  
  21  6:29  Marine  
  21  6:30  SCV, Marine  
  25  6:37  SCV  
  25  6:39  SCV  
  26  6:43  SCV  
  27  6:49  SCV  
  27  6:50  Starport  
  27  6:51  SCV  
  29  6:54  Marine x2  
  29  6:55  SCV, Marine x2  
  32  7:02  SCV  
  32  7:04  SCV  
  33  7:09  SCV  
  33  7:14  SCV  
  35  7:17  SCV  
  35  7:22  SCV  
  37  7:26  SCV, Marine x2  
  37  7:27  Medivac x2  
  37  7:29  SCV  
  40  7:38  Marine x2  
  40  7:39  SCV x2  
  40  7:41  SCV  
  45  7:44  Marine x2  
  47  7:51  SCV  
  47  7:52  SCV  
  47  7:56  Marine x2  
  50  8:02  Marine  
  50  8:03  SCV  
  52  8:10  Marine  
  53  8:14  SCV x2, Marine x2  
  53  8:15  SCV  
  53  8:17  Refinery x2  
  58  8:26  SCV  
  59  8:28  Marine  
  59  8:29  Marine  
  59  8:32  Marauder x2  
  59  8:34  SCV x2  
  59  8:38  SCV  
  59  8:46  SCV x2, Marine  
  62  8:48  Marine  
  62  8:50  SCV  
  62  8:53  Marine x2  
  66  8:58  SCV x2, Missile Turret  
  66  9:01  Missile Turret  
  66  9:02  SCV  
  69  9:07  Marine x2  
  71  9:11  Marine x2  
  71  9:12  Missile Turret  
  71  9:14  SCV, Missile Turret  
  74  9:18  Medivac  
  76  9:25  SCV, Marine x2  
  76  9:26  SCV x2  
  76  9:29  Marine  
  76  9:31  Refinery, Terran Infantry Weapons Level 1  
  82  9:37  SCV, Marine  
  85  9:38  SCV  
  85  9:47  Supply Depot  
  85  9:49  SCV, Engineering Bay  
  85  9:50  Orbital Command, SCV  
  87  10:01  SCV  
  87  10:02  Armory  
  87  10:05  Marine x2, Supply Depot  
  87  10:06  Barracks x2, Concussive Shells  
  90  10:08  Marauder  
  90  10:11  SCV  
  90  10:13  SCV  
  94  10:18  SCV  
  95  10:23  SCV  
  95  10:25  Marine x2  
  95  10:27  Medivac  
  100  10:30  Medivac, Missile Turret  
  100  10:31  Missile Turret  
  100  10:34  Terran Infantry Armor Level 1  
  100  10:35  SCV  
  103  10:37  SCV  
  103  10:41  Missile Turret  
  104  10:46  Supply Depot  
  104  10:48  Supply Depot  
  104  10:50  Marine  
  104  10:51  Marine  
  104  10:53  Marauder  
  104  10:55  Factory Tech Lab  
  108  10:59  SCV  
  109  11:06  Command Center  
  109  11:08  SCV x2, Marauder  
  109  11:11  SCV  
  114  11:14  Supply Depot  
  114  11:16  Terran Vehicle Weapons Level 1, Supply Depot  
  114  11:19  Marine  
  114  11:20  SCV, Marine x4  
  119  11:29  Marine  
  120  11:35  Missile Turret  
  120  11:36  Missile Turret  
  120  11:37  SCV x3, Missile Turret  
  120  11:39  Marine  
  123  11:40  Marine x2  
  123  11:43  Barracks Reactor x2  
  123  11:45  Terran Infantry Weapons Level 2  
  126  11:51  Supply Depot  
  126  11:54  Supply Depot  
  126  11:57  Marauder, Marine x2  
  126  11:58  Marauder  
  121  12:03  SCV x3  
  124  12:15  SCV x2, Marine x2  
  126  12:18  Marine  
  126  12:19  Marine  
  129  12:26  Marine x4  
  129  12:33  Marine x2  
  129  12:36  SCV x2  
  134  12:37  SCV x2, Marauder  
  134  12:38  Marauder  
  134  12:44  Marine x4  
  135  12:48  SCV x2  
  139  12:54  Marine  
  139  12:55  Marine  
  139  12:58  Marauder  
  132  12:59  Marauder  
  132  13:01  Marine  
  132  13:02  Marine x2  
  118  13:05  Marine  
  118  13:08  Medivac x2  
  118  13:12  Marine x2  
  123  13:15  Siege Tank  
  123  13:19  Marauder  
  130  13:20  Marauder  
  130  13:23  Marine  
  130  13:24  Marine x3  
  136  13:30  Marine x2  
  138  13:38  Medivac  
  138  13:41  Marauder, Marine x3  
  142  13:42  Marauder, Marine  
  142  13:45  SCV x3  
  142  13:48  Marine  
  141  13:49  Marine  
  141  13:55  Siege Tank  
  137  13:56  Medivac  
  137  13:57  SCV x3  
  137  13:59  Marine x2  
  137  14:02  Marauder  
  146  14:03  Marauder  
  146  14:08  Medivac  
  141  14:12  Marine x3  
  142  14:24  Marauder x2  
  144  14:27  Barracks x2  
  144  14:29  Barracks x2  
  146  14:32  Marine x5  
  146  14:33  Marine  
  146  14:36  Planetary Fortress  
  152  14:38  Missile Turret  
  152  14:41  SCV x3  
  152  14:45  Marauder  
  157  14:46  Marauder  
  159  14:55  Command Center  
  159  14:56  Siege Tank  
  159  14:57  Medivac x2  
  166  15:06  Marauder  
  167  15:07  Marauder  
  168  15:17  Marine x3  
  168  15:19  Marine  
  168  15:20  Marine x6  
  163  15:27  Medivac  
  163  15:28  Marauder  
  161  15:29  Marauder, Siege Tank  
  161  15:35  Marine x3  
  162  15:37  Marine  
  162  15:38  Marine x5  
  162  15:41  Refinery  
  162  15:42  Refinery  
  167  15:43  Marine  
  167  15:49  Marauder  
  170  15:50  Marauder  
  170  15:52  Terran Infantry Weapons Level 3  
  170  15:53  Marine x2  
  170  15:56  Marine  
  167  16:08  Marine x5  
  167  16:11  Marauder x2  
  157  16:21  Marine x5  
  157  16:23  Siege Tank  
  157  16:24  Medivac x2  
  168  16:26  Marine x3  
  168  16:28  Marine x2  
  168  16:32  Marauder  
  163  16:33  Marauder  
  163  16:39  Refinery x2, Marine  
  162  16:45  Marine x6  
  162  16:46  Marine x2  
  168  16:53  Marauder  
  168  16:54  Marauder, Supply Depot  
  170  16:55  Supply Depot  
  170  16:56  Supply Depot  
  172  17:02  Marine x2, Medivac  
  172  17:03  Marine x2, Medivac  
  180  17:15  Marauder  
  182  17:16  Marauder, Marine x4  
  182  17:19  Planetary Fortress  
  182  17:22  Missile Turret  
  186  17:24  Missile Turret  
  186  17:26  Missile Turret  
  186  17:32  Medivac  
  186  17:33  Marine x2  
  186  17:36  Marauder  
  194  17:37  Marauder  
  194  17:46  Medivac  
  194  17:50  Barracks Reactor  
  196  17:57  Marauder  
  196  17:58  Barracks x2, Marauder  
  200  18:00  Barracks x2  
  200  18:10  Barracks Reactor x3  
  199  18:15  Marine x6  
Show
View Real Time Build Order
Export as new Build Order

qqq Zerg 

Build Orders: Hatch First, Roach Hydra 

Get SALT Encoding   

  12  0:01  Drone  
  13  0:08  Drone  
  14  0:17  Overlord  
  14  0:47  Drone  
  14  0:49  Hatchery  
  14  0:51  Drone  
  14  0:55  Drone  
  16  1:14  Spawning Pool  
  15  1:21  Drone x2  
  17  1:26  Extractor  
  16  1:38  Drone  
  16  1:39  Drone  
  18  1:44  Drone  
  19  1:57  Overlord  
  19  2:04  Queen  
  23  2:14  Drone x2  
  23  2:17  Drone  
  24  2:26  Lair  
  24  2:38  Roach Warren  
  24  2:40  Drone, Queen  
  24  2:42  Drone  
  27  2:50  Drone  
  28  2:51  Overlord  
  28  2:54  Drone  
  29  2:59  Extractor  
  29  3:00  Drone  
  29  3:02  Drone  
  29  3:05  Drone  
  31  3:10  Overlord  
  31  3:23  Glial Reconstitution  
  31  3:26  Drone x3  
  34  3:31  Metabolic Boost  
  34  3:36  Evolution Chamber  
  34  3:41  Drone x2  
  34  3:46  Roach  
  34  3:47  Roach  
  39  3:50  Roach  
  39  3:53  Roach  
  43  3:58  Roach  
  45  4:04  Roach  
  45  4:07  Roach  
  45  4:09  Roach  
  51  4:13  Overlord  
  51  4:14  Drone  
  52  4:24  Overlord  
  52  4:40  Spore Crawler  
  52  4:43  Queen, Spore Crawler x2  
  51  4:54  Queen, Hydralisk Den  
  52  5:01  Spore Crawler  
  52  5:05  Drone  
  52  5:06  Overlord  
  52  5:07  Overlord  
  42  5:30  Roach x3  
  42  5:31  Zergling x10, Roach  
  49  5:43  Hydralisk x2  
  49  5:45  Hydralisk  
  55  6:04  Hydralisk x2  
  55  6:05  Hydralisk x2  
  61  6:11  Hydralisk  
  55  6:23  Muscular Augments  
  53  6:27  Spore Crawler  
  46  6:41  Hydralisk x2  
  46  6:43  Drone x2, Zergling x2  
  46  6:44  Drone  
  54  6:51  Extractor  
  53  7:04  Hydralisk  
  53  7:05  Hydralisk x2  
  57  7:14  Queen x2  
  47  7:38  Hydralisk x2  
  47  7:39  Hydralisk  
  53  7:48  Zergling x6  
  56  7:53  Drone  
  56  7:54  Drone  
  58  8:01  Grooved Spines  
  58  8:05  Zergling x4  
  60  8:17  Zergling x2  
  60  8:18  Roach  
  54  8:37  Drone x2  
  54  8:38  Drone x5  
  57  8:53  Queen  
  59  8:59  Zerg Missile Weapons Level 1  
  59  9:01  Hydralisk x3  
  65  9:02  Hatchery  
  65  9:08  Drone x3, Baneling Nest  
  66  9:12  Extractor  
  65  9:24  Hydralisk  
  65  9:25  Drone  
  68  9:34  Overlord x2  
  68  9:37  Overlord  
  68  9:47  Overlord  
  68  9:48  Overlord  
  68  9:52  Baneling x2, Centrifical Hooks  
  68  9:55  Baneling x4  
  68  9:57  Zergling x4  
  70  10:04  Drone  
  71  10:10  Drone x2, Overlord  
  71  10:11  Drone  
  74  10:18  Roach x2  
  78  10:26  Spore Crawler  
  78  10:27  Spore Crawler  
  76  10:31  Evolution Chamber  
  75  10:39  Infestation Pit  
  75  10:41  Drone x5  
  75  10:42  Queen  
  81  10:44  Roach x2  
  81  10:45  Hydralisk  
  87  10:53  Zerg Ground Armor Level 1  
  87  10:54  Spore Crawler  
  86  11:01  Spine Crawler  
  86  11:03  Overseer  
  85  11:04  Hydralisk x2  
  89  11:13  Zergling x2  
  89  11:14  Hydralisk, Zergling x4  
  94  11:24  Hydralisk x3  
  100  11:27  Drone  
  100  11:31  Baneling x3  
  100  11:32  Baneling  
  101  11:36  Zergling x2  
  101  11:37  Zergling x6  
  101  11:38  Zergling x2  
  80  12:02  Zergling x12  
  80  12:03  Zergling x6  
  87  12:13  Hydralisk  
  87  12:14  Hydralisk x2  
  89  12:21  Spore Crawler  
  88  12:23  Drone  
  89  12:30  Zerg Melee Weapons Level 1  
  73  12:44  Baneling x5  
  73  12:47  Zerg Missile Weapons Level 2  
  69  13:01  Hatchery  
  68  13:07  Hydralisk x8  
  84  13:21  Spine Crawler  
  84  13:23  Hydralisk x4  
  87  13:48  Hydralisk x5  
  80  13:49  Hydralisk  
  92  13:56  Drone x3  
  92  13:57  Drone  
  88  14:21  Lurker Den, Hive  
  88  14:23  Hydralisk x2  
  88  14:24  Drone x2  
  93  14:39  Queen  
  95  14:56  Zergling x2  
  95  14:58  Zergling x4, Overlord  
  95  14:59  Zergling x2  
  99  15:14  Hatchery  
  90  15:22  Hydralisk x5  
  88  15:31  Hydralisk x3  
  62  15:46  Hydralisk x3  
  63  15:50  Zergling x2  
  63  15:54  Zergling x2  
  60  16:13  Hydralisk  
  60  16:14  Hydralisk  
  55  16:47  Drone x2  
  55  16:48  Drone, Queen  
  60  16:57  Zergling x4  
  60  16:58  Zergling x4  
  62  17:43  Hatchery, Lurker x2  
  62  17:44  Lurker x3  
Show
View Real Time Build Order
Export as new Build Order

Massa Terran 

Build Orders: Banshee Rush 

Get SALT Encoding   

  12  0:00  SCV  
  13  0:12  SCV  
  14  0:22  Supply Depot  
  14  0:24  SCV  
  15  0:43  SCV  
  15  0:46  Barracks  
  16  0:52  Refinery  
  16  0:56  SCV  
  17  1:08  SCV  
  18  1:15  Refinery  
  18  1:20  SCV  
  20  1:34  Orbital Command  
  19  1:42  Marine  
  20  1:48  Factory  
  20  2:00  SCV  
  21  2:29  Supply Depot  
  21  2:31  Command Center  
  21  2:32  Starport  
  21  2:35  Starport  
  21  2:43  Hellion  
  23  2:50  SCV  
  24  3:02  SCV  
  24  3:03  Barracks Tech Lab  
  25  3:06  Hellion  
  25  3:10  Starport Tech Lab  
  25  3:11  Starport Tech Lab  
  27  3:24  SCV, Supply Depot  
  28  3:31  Cloaking Field  
  28  3:38  Banshee  
  31  3:50  Banshee  
  31  3:53  SCV  
  31  3:55  SCV  
  36  4:06  Hellion  
  38  4:13  Orbital Command  
  38  4:21  Banshee, Stimpack  
  41  4:33  Banshee  
  41  4:34  Marine  
  41  4:36  Factory Tech Lab  
  45  4:52  Marine  
  46  5:04  Cyclone  
  45  5:10  Marine  
  42  5:27  Marine  
  40  5:45  Marine  
  41  6:06  Marine  
  41  6:09  Banshee x2  
  45  6:24  Marine  
  46  6:42  Marine  
  47  6:51  Banshee  
  47  6:52  Banshee  
  53  7:21  Marine  
  51  7:26  Engineering Bay  
  51  7:29  Barracks  
  50  7:30  Barracks  
  50  7:31  Barracks  
  50  7:33  Barracks x2  
  47  7:39  Marine  
  48  7:48  SCV x2  
  50  7:57  Marine  
  48  8:00  SCV x2  
  47  8:12  SCV x2  
  49  8:27  Banshee  
  52  8:48  Banshee  
  52  9:08  SCV x2  
  54  9:10  Barracks Reactor, Barracks Tech Lab x2  
  54  9:12  Barracks Tech Lab  
  54  9:17  Supply Depot  
  54  9:18  Barracks Reactor, Supply Depot  
  54  9:21  Banshee, SCV x2  
  54  9:22  Supply Depot  
  59  9:25  Supply Depot  
  59  9:27  Command Center  
  59  9:30  Refinery, Missile Turret  
  59  9:31  Banshee  
  59  9:35  Refinery  
  62  9:43  Supply Depot x2  
  62  9:44  Combat Shield  
  62  9:45  Concussive Shells  
  62  9:46  Marine  
  62  9:47  Marine x5  
  62  9:50  Siege Tank  
  71  10:04  Marine  
  71  10:05  Armory, Marine x2  
  74  10:18  SCV x2  
  76  10:23  Missile Turret  
  76  10:26  Cyclone  
  79  10:30  SCV x2  
  81  10:42  SCV x2  
  83  10:46  Terran Infantry Weapons Level 1  
  83  10:51  Armory  
  83  10:54  SCV x2, Marauder x3, Engineering Bay  
  83  10:55  Marauder, Marine x4  
  97  11:00  Orbital Command  
  97  11:04  Missile Turret  
  97  11:12  Marine x2  
  97  11:13  Marine  
  94  11:33  Siege Tank  
  97  11:42  SCV x3, Factory  
  100  11:47  Factory  
  100  11:48  Factory  
  100  11:49  Refinery  
  100  11:50  Refinery  
  100  11:54  SCV x3  
  100  11:55  Marauder  
  100  11:56  Marauder x3  
  111  12:05  Siege Tank  
  111  12:06  SCV x3  
  114  12:17  Marauder x2  
  114  12:18  SCV  
  119  12:35  Widow Mine x3  
  119  12:38  Siege Tank  
  119  12:39  Marauder, Marine  
  125  12:57  Marine x3  
  125  12:58  Widow Mine, Marine  
  125  12:59  Widow Mine, Marauder  
  125  13:00  Marauder, Marine  
  125  13:01  Widow Mine, Marauder  
  123  13:12  Supply Depot  
  123  13:13  Supply Depot  
  123  13:14  Supply Depot x3  
  123  13:15  Marine x2  
  123  13:16  Supply Depot  
  123  13:18  Supply Depot  
  125  13:25  Factory Reactor, Command Center  
  125  13:26  Factory Reactor  
  125  13:27  Factory Tech Lab  
  125  13:33  Marine x4  
  125  13:34  Marauder, Marine, Medivac  
  133  13:35  Marauder, Medivac, Siege Tank  
  126  13:53  Marine  
  126  13:54  Marine x5  
  126  13:55  Marine  
  131  13:56  Marine  
  132  14:04  Medivac  
  110  14:11  Marine  
  110  14:12  Marine x4  
  110  14:15  Siege Tank x2  
  110  14:16  Widow Mine x4  
  111  14:19  Marauder x2  
  115  14:31  SCV  
  115  14:32  SCV x2  
  115  14:36  Marine  
  115  14:37  Widow Mine, Marine x2  
  123  14:41  Medivac x2  
  123  14:44  SCV x3  
  130  14:46  Orbital Command  
  130  14:47  Siege Tank x2  
  130  14:49  Missile Turret  
  136  14:56  SCV x3  
  139  15:00  Ghost Academy  
  139  15:10  Missile Turret  
  138  15:19  Siege Tank  
  121  15:25  Siege Tank  
  121  15:26  Widow Mine x3  
  111  15:32  Missile Turret  
  111  15:33  Marauder x4, Marine  
  111  15:34  Marine x3  
  105  15:44  Widow Mine  
  107  15:51  Marine x3, Siege Tank  
  107  15:54  Marauder x2  
  107  15:57  Marauder x2, Marine, Siege Tank  
  121  16:00  Widow Mine x2  
  126  16:09  Marine x3  
  129  16:16  Marauder  
  125  16:18  Marine  
  125  16:19  Marauder x3  
  125  16:23  Siege Tank  
  120  16:27  Marine  
  120  16:29  Siege Tank  
  101  16:46  Widow Mine x2  
  107  16:48  Marauder, Marine x3  
  112  16:55  Siege Tank  
  112  17:01  Siege Tank  
  112  17:31  SCV x4  
  116  17:43  SCV x2  
  118  17:52  Marauder x3  
  118  17:53  Marauder  
  112  18:12  Marine  
  110  18:16  Marine  
Tags
 
Add a new tag
Caveats
  • Supply blocks, unpowered buildings, or Contaminate may cause inaccurate times.
  • Supply counts are checked every 10 seconds.